 Dungeon Crawl Stone Soup version 0.30.0-29-ga12c61a403 (webtiles) character file.

Game seed: 6916653433482195424

11015 101zpm the Thaumaturge (level 12, -10/73 HPs)
             Began as a Djinni Fire Elementalist on June 12, 2023.
             Was a Priest of Makhleb.
             Mangled by a death yak (15 damage)
             ... on level 8 of the Dungeon.
             The game lasted 00:58:47 (12337 turns).

101zpm the Thaumaturge (Djinni Fire Elementalist)  Turns: 12337, Time: 00:58:47

Health: -10/73     AC: 14    Str:  7    XL:     12   Next: 2%
Gold:   304        EV: 12    Int: 22    God:    Makhleb [***...] SH:  0 Dex: 14

rFire   + + +        s - +1 dagger of Ybloeh {venom, Contam rElec rF+++ rN+}
rCold   x x .        x - orb {light}
rNeg    + + .        T - +2 leather armour {rN+}
rPois   ∞            f - +2 hat
rElec   +            M - +2 cloak
rCorr   .            (no gloves)
SInv    .            (boots unavailable)
Will    +....        (no amulet)
Stlth   +            n - ring of fire
HPRegen 0.32/turn    p - +4 ring of protection
MPRegen 0.00/turn

%: infuse magic (-11 HP)
@: about to teleport, flying, glowing
A: sickness immunity, fire resistance 2, cold vulnerability 1, float, innate
caster, HP casting, extra vitality 1
a: Renounce Religion, Minor Destruction, Lesser Servant of Makhleb


You were on level 8 of the Dungeon.
You worshipped Makhleb.
Makhleb was most pleased with you.
You visited 2 branches of the dungeon, and saw 10 of its levels.
You also visited: Sewer and Bailey.

You collected 459 gold pieces.
You spent 155 gold pieces at shops.

Inventory:

Hand Weapons
 s - the +1 dagger of Ybloeh (weapon) {venom, Contam rElec rF+++ rN+}
   (You found it on level 2 of the Dungeon)

   rF:        It renders you almost immune to fire.
   rElec:     It insulates you from electricity.
   rN:        It protects you from negative energy.
   Contam:    It causes magical contamination when unequipped.
 z - the +6 great sword of Pride {flame, +Blink Will+ Str+4}
   (You took it off Dowan on level 4 of the Dungeon)

   Str:       It affects your strength (+4).
   +Blink:    It lets you blink.
   Will:      It increases your willpower.
Missiles
 a - 6 boomerangs
 j - 7 curare-tipped darts
 u - 50 poisoned darts
 N - a throwing net
Armour
 b - the +1 scale mail "Osumisid" {-Cast rF+ Regen+}
   (You found it in a bailey)

   rF:        It protects you from fire.
   -Cast:     It prevents spellcasting.
   Regen:     It increases your rate of health regeneration.
 f - a +2 hat (worn)
 x - an orb of light (worn)
 A - a +3 leather armour
 I - a +2 robe of willpower
 M - a +2 cloak (worn)
 T - a +2 leather armour of positive energy (worn)
Jewellery
 n - a ring of fire (left hand)
 o - a +6 ring of strength
 p - a +4 ring of protection (right hand)
 r - an amulet of faith
 B - a ring of positive energy
 J - a ring of positive energy
 P - a +4 ring of protection
 Q - a +6 ring of dexterity
Wands
 C - a wand of polymorph (8)
 G - a wand of flame (32)
 L - a wand of iceblast (9)
Scrolls
 d - 2 scrolls of identify
 h - 3 scrolls of teleportation
 y - a scroll of poison
 D - 4 scrolls of silence
 K - a scroll of enchant weapon
Potions
 e - a potion of resistance
 g - 2 potions of lignification {unknown}
 i - 3 potions of cancellation {unknown}
 k - a potion of berserk rage
 l - a potion of might {unknown}
 m - 4 potions of heal wounds {unknown}
 w - 2 potions of ambrosia {unknown}
 F - 4 potions of curing {unknown}
 H - 3 potions of brilliance {unknown}
 O - 2 potions of haste {unknown}


   Skills:
 + Level 1.4 Fighting
 + Level 1.0 Short Blades
 + Level 4.3 Armour
 + Level 3.4 Dodging
 + Level 3.3 Stealth
 + Level 13.3 Spellcasting


You knew the following spells:

 Your Spells              Type           Power      Damage    Failure   Level
a - Foxfire               Conj/Fire      100%       2x1d9     1%          1
b - Scorch                Fire           100%       2d9       1%          2
c - Volatile Blastmotes   Fire/Tloc      100%       2d18      1%          3
d - Inner Flame           Hex/Fire       83%        N/A       1%          3
e - Flame Wave            Conj/Fire      83%        2d18      1%          4
f - Magic Dart            Conj           100%       1d8       1%          1
g - Lesser Beckoning      Tloc           100%       N/A       1%          2
h - Dazzling Flash        Conj/Hex       100%       N/A       1%          3
i - Animate Dead          Necr           65%        N/A       1%          4
j - Manifold Assault      Tloc           65%        N/A       1%          4
Your spell library was empty.

Dungeon Overview and Level Annotations

Branches:
Dungeon (9/15)             Temple (1/1) D:5           Sewer (visited)
 Bailey (visited)
   Lair: D:8-11         Orc: D:9-12

Altars:
Cheibriados
Dithmenos
Elyvilon
Fedhas
Gozag
Hepliaklqana
Makhleb
Nemelex Xobeh
Okawaru
Qazlal
Ru
Trog
Uskayaw
Wu Jian
Xom
Yredelemnul
Zin
The Shining One

Shops:
D:1 *=   D:5 ?   D:7 ?

Annotations:
D:5 1 runed translucent door, FishyPogo's ghost, amateur DsFE


Innate Abilities, Weirdness & Mutations

You are immune to sickness and miasma.
You are immune to poison.
Your flesh is very heat resistant. (rF++)
You are vulnerable to cold. (rC-)
You float through the air rather than walking.
You learn spells naturally, not from books.
Your magical power is your life essence.
You have superior vitality. (+4 MHP)


Message History

The fiery explosion engulfs the death yak!!!
The death yak is burned terribly!
Flame seeps out of the death yak.
The death yak is almost dead.
You are engulfed in blazing flames.
You resist.
The death yak is engulfed in blazing flames.
Makhleb accepts your kill.
You feel better.
The death yak explodes!
The fiery explosion engulfs the death yak!!
The death yak is burned terribly!
The death yak is almost dead.
The death yak is engulfed in blazing flames.
You kill the death yak!
Makhleb accepts your kill.
You feel better.
You have reached level 12!
You feel agile.
You start resting.
HP restored.
(D) Dungeon (T) Temple
Where to? (Enter - D:8 @ (x,y), ? - help)
What level of the Dungeon? (default 1, ? - help)
There is a stone staircase leading down here.
You fly downwards.
The death yak gores you! The death yak gores you. The death yak gores you!
The death yak closely misses you. The death yak gores you!
There is a stone staircase leading up here.
The death yak gores you.
The death yak snorts and paws the ground.
The death yak gores you!
* * * LOW HITPOINT WARNING * * *
The death yak gores you but does no damage.
The death yak gores you!
* * * LOW HITPOINT WARNING * * *
You fly upwards.
There is a stone staircase leading down here.
As you read the scroll of teleportation, it crumbles to dust.
You feel strangely unstable. The death yak barely misses you.
The death yak gores you!
You die...

..####### #.#.# ..# #.#.#
..# #.#.######## ..# ###
#####.#........# ..#
#.####.......#####.## ..#
#........#.#.......#
..#####.####.#.#.######..##
..........##.#.#Y##.....<.#
...............Y@##.#######
####.#..#.##.#.#YY........#
#......##.#.#.#.#####.##
#....P.##.#.#.#.# #.#
##.....##.#.#.#.#####.##
### #..P..##.#.#.#........#
..# ###.#.##.#.#.#....#####
#.# #.#.##.#.#.#.##.#
#.#####.#.##.#.#.#.##.#


You could see 4 death yaks.

Vanquished Creatures
  A two-headed ogre (D:9)
  5 death yaks (D:8)
  A deep elf zephyrmancer (D:8)
  Joseph (D:7)
  A gargoyle (Bailey)
  Sigmund (D:3)
  A wyvern (D:7)
  A vampire (Bailey)
  A wraith (D:9)
  9 yaks
  Menkaure (D:4)
  An acid dragon (D:9)
  3 water moccasins
  2 orc warriors
  Duvessa (D:4)
  3 ice beasts
  2 sky beasts
  2 centaurs (D:7)
  A phantom (D:5)
  2 bullfrogs
  5 kobold brigands
  2 scorpions (D:6)
  11 wights
  Dowan (D:4)
  2 howler monkeys
  9 vampire bats (Bailey)
  An electric eel (D:8)
  8 wolf zombies (Bailey)
  A centaur zombie (D:8)
  4 jellies
  6 orc priests
  8 hounds
  Terence (D:3)
  2 iguanas
  Natasha (thrice) (D:4)
  2 orc wizards
  15 adders
  4 gnolls (D:5)
  3 river rats (Sewer)
  A shadow imp (D:7)
  A white imp (D:5)
  An ufetubus (D:5)
  6 worms
  28 orcs
  12 endoplasms
  4 giant cockroaches
  4 goblins
  6 hobgoblins
  13 jackals
  3 quokkas
  15 ball pythons
  3 bats (D:1)
  4 frilled lizards (D:1)
  14 kobolds
  21 orc zombies (Bailey)
  6 rats
270 creatures vanquished.

Vanquished Creatures (others)
  428 foxfires
428 creatures vanquished.

Grand Total: 698 creatures vanquished

Notes
Turn   | Place    | Note
-------+----------+-------------------------------------------
     0 | D:1      | 101zpm the Djinni Fire Elementalist began the quest for the
                  | Orb.
     0 | D:1      | 101zpm set off with the following spells memorised:
                  | Foxfire, Scorch, Volatile Blastmotes, Inner Flame, Flame
                  | Wave.
     0 | D:1      | Reached XP level 1. HP: 15/15 MP: 0/0
   181 | D:1      | Reached XP level 2. HP: 17/21 MP: 0/0
   195 | D:1      | Reached skill level 3 in Spellcasting
   348 | D:1      | Reached XP level 3. HP: 23/25 MP: 0/0
   348 | D:1      | Learned a level 1 spell: Magic Dart
   364 | D:1      | Found Qojoag's General Store.
   750 | D:1      | Found Futtischi's Jewellery Shop.
  1065 | D:2      | Reached XP level 4. HP: 24/31 MP: 0/0
  1446 | D:2      | Identified the +1 dagger of Ybloeh {venom, Contam rElec
                  | rF+++ rN+}
  1768 | D:1      | Bought a scroll of identify for 26 gold pieces
  1974 | D:3      | Noticed Terence
  2001 | D:3      | Killed Terence
  2014 | D:3      | Found a glowing drain.
  2018 | D:3      | Reached XP level 5. HP: 23/35 MP: 0/0
  2018 | D:3      | Learned a level 2 spell: Lesser Beckoning
  2026 | D:3      | Reached skill level 4 in Spellcasting
  2162 | Sewer    | Entered a sewer
  2351 | Sewer    | Noticed a kobold brigand
  2351 | Sewer    | Noticed a kobold brigand
  2358 | Sewer    | Killed a kobold brigand
  2359 | Sewer    | Reached XP level 6. HP: 25/40 MP: 0/0
  2361 | Sewer    | Reached skill level 5 in Spellcasting
  2841 | Sewer    | Reached XP level 7. HP: 38/45 MP: 0/0
  2841 | Sewer    | Learned a level 3 spell: Dazzling Flash
  3347 | D:3      | You are sucked into a shaft and drop 1 floor!
  3373 | D:4      | Noticed Menkaure
  3382 | D:4      | Killed Menkaure
  3383 | D:4      | Reached skill level 6 in Spellcasting
  3587 | D:4      | Noticed Natasha
  3590 | D:4      | Killed Natasha
  3654 | D:4      | Found an ornate altar of the Wu Jian Council.
  3858 | D:4      | Found a burning altar of Makhleb.
  3960 | D:4      | Noticed Duvessa
  3968 | D:4      | Killed Duvessa
  3969 | D:4      | Reached XP level 8. HP: 32/50 MP: 0/0
  4028 | D:4      | Identified the +6 great sword of Pride {flame, +Blink Will+
                  | Str+4}
  4028 | D:4      | Noticed Dowan
  4034 | D:4      | Killed Dowan
  4071 | D:4      | Noticed Natasha
  4074 | D:4      | Killed Natasha
  4146 | D:4      | Became a worshipper of Makhleb the Destroyer
  4467 | D:3      | Reached skill level 7 in Spellcasting
  4660 | D:3      | Noticed Sigmund
  4663 | D:3      | Killed Sigmund
  5074 | D:4      | Noticed Natasha
  5078 | D:4      | Killed Natasha
  5428 | D:5      | Entered Level 5 of the Dungeon
  5468 | D:5      | Reached skill level 1 in Armour
  5742 | D:5      | Reached skill level 8 in Spellcasting
  5742 | D:5      | Reached XP level 9. HP: 42/55 MP: 0/0
  5742 | D:5      | Learned a level 4 spell: Animate Dead
  5747 | D:5      | Reached * piety under Makhleb
  5850 | D:5      | Found a runed translucent door.
  5850 | D:5      | Noticed FishyPogo's ghost (amateur DsFE)
  6078 | D:5      | Found Wieghaurph's Magic Scroll Emporium.
  6083 | D:5      | Bought a scroll of identify for 22 gold pieces
  6083 | D:5      | Bought a scroll of teleportation for 33 gold pieces
  6083 | D:5      | Bought a scroll of identify for 22 gold pieces
  6302 | D:5      | Found a staircase to the Ecumenical Temple.
  6310 | Temple   | Entered the Ecumenical Temple
  6808 | D:6      | Found a snail-covered altar of Cheibriados.
  6812 | D:6      | Reached skill level 9 in Spellcasting
  6850 | D:6      | Found a shimmering altar of Xom.
  6850 | D:6      | Found a shadowy altar of Dithmenos.
  6852 | D:6      | Found a stormy altar of Qazlal.
  6852 | D:6      | Found a bloodstained altar of Trog.
  6852 | D:6      | Found a shimmering altar of Xom.
  7480 | D:7      | Noticed Joseph
  7710 | D:7      | Found Herphats's Magic Scroll Shoppe.
  7781 | D:7      | Bought a scroll of identify for 26 gold pieces
  7781 | D:7      | Bought a scroll of identify for 26 gold pieces
  7802 | D:7      | Found a white marble altar of Elyvilon.
  7806 | D:7      | Reached ** piety under Makhleb
  8048 | D:7      | Reached XP level 10. HP: 51/60 MP: 0/0
  8147 | D:7      | Reached skill level 10 in Spellcasting
  8491 | D:7      | Killed Joseph
  8839 | D:8      | Found a stormy altar of Qazlal.
  9412 | D:8      | Reached skill level 11 in Spellcasting
  9437 | D:8      | Found a flagged portal.
  9446 | Bailey   | Entered a bailey
  9501 | Bailey   | Reached *** piety under Makhleb
  9640 | Bailey   | Noticed a gargoyle
  9644 | Bailey   | Killed a gargoyle
  9968 | Bailey   | Reached XP level 11. HP: 62/65 MP: 0/0
  9968 | Bailey   | Learned a level 4 spell: Manifold Assault
 10122 | Bailey   | Identified the +1 scale mail "Osumisid" {-Cast rF+ Regen+}
 10356 | D:8      | Noticed a deep elf zephyrmancer
 10359 | D:8      | Killed a deep elf zephyrmancer
 10527 | D:9      | Noticed a two-headed ogre
 10533 | D:9      | Killed a two-headed ogre
 10534 | D:9      | Reached skill level 12 in Spellcasting
 10827 | D:9      | Reached **** piety under Makhleb
 10828 | D:9      | Reached skill level 1 in Short Blades
 10963 | D:9      | Found a basalt altar of Yredelemnul.
 11084 | D:9      | Noticed a death yak
 11084 | D:9      | Noticed a death yak
 11084 | D:9      | Noticed a death yak
 11084 | D:9      | Noticed a death yak
 11085 | D:9      | Noticed a death yak
 11087 | D:9      | Noticed a death yak
 11088 | D:9      | Noticed a death yak
 11088 | D:9      | Noticed a death yak
 11140 | D:9      | Noticed a death yak
 11140 | D:9      | Noticed a death yak
 11476 | D:8      | Killed a death yak
 11478 | D:8      | Killed a death yak
 12273 | D:8      | Killed a death yak
 12274 | D:8      | Reached skill level 1 in Fighting
 12274 | D:8      | Reached skill level 13 in Spellcasting
 12281 | D:8      | Killed a death yak
 12281 | D:8      | Killed a death yak
 12282 | D:8      | Reached XP level 12. HP: 58/73 MP: 0/0
 12337 | D:8      | Mangled by a death yak

Illustrated notes

Levels and vault maps discovered:
D:1:      dpeg_arrival_erosion, layout_basic, serial_shops,
          nicolae_shop_real_fake_doors, shop
D:2:      layout_loops_ring
D:3:      layout_basic, gup_sewer_entry_glass, minmay_misc_feat_diagonals,
          uniq_sigmund, uniq_terence
D:4:      layout_basic, pdpol_wu_jian_five_deadly_venoms,
          mainiacjoe_overflow_surrounded_room, uniq_menkaure, uniq_natasha,
          uniq_duvessa
D:5:      layout_cave_pools, minmay_temple_entry_enclosed_plants,
          hellmonk_ghost_happy_afterlife, serial_shops, shop
D:6:      layout_loops_ring, doesnt_xom_only_xom, serial_aquarium,
          aquarium_bridge_straight [aquarium_subvault_bridge,
          aquarium_subvault_wall, aquarium_subvault_bridge,
          aquarium_subvault_window], aquarium_bridge_square
          [aquarium_subvault_wall, aquarium_subvault_balcony,
          aquarium_subvault_wall, aquarium_subvault_bridge],
          aquarium_window_fake, aquarium_window_fake, aquarium_window_3,
          aquarium_view_2e, aquarium_balcony_3b, aquarium_pool_split
D:7:      layout_loops_ring, mainiacjoe_overflow_24_doors, serial_shops,
          nicolae_stop_n_shop_2, uniq_joseph
D:8:      layout_basic, mainiacjoe_overflow_concentric_impassable,
          serial_undead, serial_undead_b, serial_undead_e, serial_undead_b,
          serial_undead_e, enter_bailey_1, guppyfry_early_elven_hall
D:9:      layout_rooms, mainiacjoe_overflow_cross_hatched, dpeg_lair_monsters
Temple:   hellmonk_temple_two_chambers

Skill      XL: |  1  2  3  4  5  6  7  8  9 10 11 |
---------------+----------------------------------+-----
Spellcasting   | 3 4 5 6 8 9 11 13 | 13.3
Stealth        | 2 3 |  3.3
Armour         | 1 3 4 |  4.3
Dodging        | 3 |  3.4
Short Blades   | 1 |  1.0
Fighting       | 1 |  1.4

Action                     |  1- 3 |  4- 6 |  7- 9 | 10-12 || total
---------------------------+-------+-------+-------+-------++-------
  Melee: Dagger            |       |       |       |    11 ||    11
   Cast: Foxfire           |    65 |    36 |    94 |    61 ||   256
         Scorch            |    14 |    24 |    76 |    90 ||   204
         Magic Dart        |     8 |    10 |    23 |     9 ||    50
         Volatile Blastmot |     1 |     2 |     2 |     3 ||     8
         Inner Flame       |       |    18 |    63 |    76 ||   157
         Manifold Assault  |       |       |       |     4 ||     4
         Flame Wave        |       |       |       |     3 ||     3
         Animate Dead      |       |       |       |     1 ||     1
    Use: Scroll            |       |     7 |     4 |    13 ||    24
 Armour: Robe              |     1 |     5 |     1 |       ||     7
         Leather armour    |       |       |     2 |    27 ||    29
  Dodge: Dodged            |     2 |     9 |    14 |    43 ||    68
